 Dungeon Crawl Stone Soup version 0.21.1-1-g345015fe64 (webtiles) character file.

84 Peloso the Skirmisher (level 4, -2/35 HPs)
             Began as a Demonspawn Fighter on May 1, 2018.
             Slain by a centaur
             ... wielding a +0 spear
              (5 damage)
             ... on level 3 of the Dungeon.
             The game lasted 00:03:44 (2350 turns).

Peloso the Skirmisher (Demonspawn Fighter)          Turns: 2350, Time: 00:03:45

Health: -2/35      AC:  9    Str: 17    XL:     4   Next: 24%
Magic:  4/4        EV:  4    Int: 10    God:
Gold:   213        SH:  9    Dex: 12    Spells: 3/3 levels left

rFire    . . .     SeeInvis +   a - +0 long sword
rCold    . . .     Gourm    .   c - +0 shield
rNeg     . . .     Faith    .   b - +0 chain mail
rPois    .         Spirit   .   (helmet restricted)
rElec    .         Reflect  .   (no cloak)
rCorr    .         Harm     .   (no gloves)
MR       .....                  (no boots)
Stlth    ..........             (no amulet)
HPRegen  0.11/turn              m - ring of see invisible
MPRegen  0.09/turn              o - ring of wizardry

@: no status effects
A: horns 1, nightstalker 1
a: no special abilities


You were on level 3 of the Dungeon.
You were hungry.

You visited 1 branch of the dungeon, and saw 3 of its levels.

You collected 213 gold pieces.

Inventory:

Hand Weapons
 a - a +0 long sword (weapon)
Armour
 b - a +0 chain mail (worn)
 c - a +0 shield (worn)
Jewellery
 m - a ring of see invisible (left hand)
 o - a ring of wizardry (right hand)
Scrolls
 e - 5 scrolls of teleportation {unknown}
 j - a scroll of identify {unknown}
 l - a scroll of remove curse {unknown}
 n - a scroll of fear {unknown}
Potions
 d - a potion of might
 g - a potion of haste {unknown}
 h - 2 potions of brilliance {unknown}
 i - a potion of curing {unknown}
 k - 2 potions of lignification {unknown}
Comestibles
 f - 6 rations


   Skills:
 + Level 3.4 Fighting
 + Level 2.4 Long Blades
 + Level 3.3 Armour
 + Level 0.1 Dodging
 + Level 0.1 Stealth
 + Level 3.4 Shields


You had 3 spell levels left.
You didn't know any spells.

Dungeon Overview and Level Annotations

Branches:
Dungeon (3/15)

Altars:
Ashenzari


Innate Abilities, Weirdness & Mutations

You have a pair of small horns on your head.
You are slightly more attuned to the shadows.


Message History

You see here an arrow.
The centaur shoots an arrow.
You block the arrow.
You see here an arrow.
You closely miss the centaur.
The centaur unwields an uncursed shortbow.
The centaur wields an uncursed spear.
The centaur hits you with an uncursed spear!
The centaur hits you with an uncursed spear.
Your chain mail prevents you from hitting the centaur.
You headbutt the centaur.
The centaur is lightly wounded.
The centaur hits you but does no damage.
The centaur hits you with an uncursed spear.
* * * LOW HITPOINT WARNING * * *
You completely miss the centaur.
The centaur is lightly wounded.
The centaur hits you with an uncursed spear.
* * * LOW HITPOINT WARNING * * *
The centaur hits you with an uncursed spear.
You die...

#.# #######.##.........
###.###.(.....###.......#
#.....#.#.....#..<......#
#.###.#.#........##......
#.# #...................#
#.###>#....##.#..###.####
#..†..#.(.....#......#
###
#######..(....##.#####
##.. ####@##.##.# ##..#
#.c.....# #...# ###...###
##.### #...# #(...# #...#
###...#
#####...######......
#...........##.##...
....................
#...........##.###..


You could see a centaur.

Vanquished Creatures
  2 adders (D:3)
  2 oozes (D:1)
  2 dart slugs
  2 leopard geckos
  6 bats
  2 giant cockroaches (D:1)
  5 hobgoblins
  6 jackals
  5 kobolds
  3 quokkas
  A frilled lizard (D:1)
  8 goblins
  5 rats
49 creatures vanquished.

Notes
Turn   | Place    | Note
-------+----------+-------------------------------------------
     0 | D:1      | Peloso the Demonspawn Fighter began the quest for the Orb.
     0 | D:1      | Reached XP level 1. HP: 18/18 MP: 1/1
    83 | D:1      | Gained mutation: You are slightly more attuned to the shadows. [demonic ancestry]
    83 | D:1      | Reached XP level 2. HP: 23/24 MP: 2/2
   621 | D:1      | Reached XP level 3. HP: 27/29 MP: 3/3
  1859 | D:3      | Gained mutation: You have a pair of small horns on your head. [demonic ancestry]
  1859 | D:3      | Reached XP level 4. HP: 15/35 MP: 4/4
  2261 | D:3      | Found a shattered altar of Ashenzari.
  2345 | D:3      | Noticed a centaur
  2350 | D:3      | Slain by a centaur

Skill      XL: |  1  2 |
---------------+-------+-----
Long Blades    | 2 |  2.4
Armour         | 3 |  3.3
Shields        | 3 |  3.4
Fighting       | |  3.4
Dodging        | |  0.1
Stealth        | |  0.1

Action                   |  1- 3 |  4- 6 || total
-------------------------+-------+-------++-------
Melee: Long sword        |   158 |    31 ||   189
       Headbutt          |       |     7 ||     7
  Eat: Chunk             |     2 |     2 ||     4
Armor: Scale mail        |    27 |       ||    27
       Chain mail        |    85 |    15 ||   100
Dodge: Dodged            |    36 |     5 ||    41
Block: Shield            |    98 |    13 ||   111
       Rpst.: Long sword |     8 |       ||     8
